 Dungeon Crawl Stone Soup version 0.27-a0-1188-g73eefd5def (webtiles) character file.

Game seed: 3775836276623211654

12 barkas the Caller (level 2, 20/20 HPs)
             Began as a Demonspawn Summoner on May 22, 2021.
             Quit the game on level 1 of the Dungeon.
             The game lasted 00:00:42 (504 turns).

barkas the Caller (Demonspawn Summoner)              Turns: 504, Time: 00:00:43

Health: 20/20      AC:  2    Str:  8    XL:     2   Next: 20%
Magic:  4/5        EV: 12    Int: 16    God:
Gold:   0          SH:  0    Dex: 13    Spells: 4/5 levels left

rFire    . . .     SeeInvis .   b - +0 whip
rCold    . . .     Faith    .   (no shield)
rNeg     . . .     Spirit   .   a - +0 robe
rPois    .         Reflect  .   (no helmet)
rElec    .         Harm     .   (no cloak)
rCorr    .         Rampage  .   (no gloves)
Will     .....                  (no boots)
Stlth    ++........             (no amulet)
HPRegen  0.06/turn              (no ring)
MPRegen  0.09/turn              (no ring)

@: no status effects
A: talons 1
a: no special abilities


You were on level 1 of the Dungeon.
You visited 1 branch of the dungeon, and saw 1 of its levels.

Inventory:

Hand Weapons
 b - a +0 whip (weapon)
Armour
 a - a +0 robe (worn)
Scrolls
 e - a scroll of amnesia {unknown}
Potions
 c - a potion of ambrosia {unknown}
 d - a potion of mutation {unknown}


   Skills:
 + Level 0.7 Fighting
 - Level 1.7 Dodging
 - Level 1.7 Stealth
 + Level 2.2 Spellcasting
 * Level 4.3 Summonings


You had 4 spell levels left.
You knew the following spells:

 Your Spells              Type           Power      Damage    Failure   Level
a - Summon Small Mammal   Summ           60%        N/A       3%          1

Your spell library contained the following spells:

 Spells                   Type           Power      Damage    Failure   Level
 Call Imp                 Summ           15%        N/A       5%          2
 Call Canine Familiar     Summ           15%        N/A       11%         3
 Summon Guardian Golem    Hex/Summ       8%         N/A       26%         3
 Summon Ice Beast         Ice/Summ       8%         N/A       63%         4
 Summon Lightning Spire   Summ/Air       8%         N/A       63%         4


Dungeon Overview and Level Annotations

Branches:
Dungeon (1/15)

Altars:


Innate Abilities, Weirdness & Mutations

You have sharp toenails.


Message History

Found 3 boomerangs.
Found a mace.
You see here a +0 mace.
A bat comes into view.
The helpless bat fails to defend itself.
You hit the bat. You claw the bat, but do no damage.
The bat is moderately wounded.
The bat closely misses you.
You barely miss the bat. Your kick misses the bat.
The bat is moderately wounded.
The bat closely misses you. The bat hits you.
You barely miss the bat. Your kick misses the bat.
The bat is moderately wounded.
The bat misses you. The bat hits you but does no damage.
The bat barely misses you.
A bat is nearby!
You closely miss the bat.
The bat is moderately wounded.
The bat misses you.
You completely miss the bat. Your kick misses the bat.
The bat is moderately wounded.
The bat hits you but does no damage.
You closely miss the bat. Your kick misses the bat.
The bat is moderately wounded.
The bat hits you but does no damage.
You barely miss the bat. You claw the bat.
You kill the bat!
No target in view!
No target in view!
e - a scroll labelled EXYCOEXI TEMM A kobold comes into view.
It is wielding a +0 whip.
You see here a bat corpse.
A kobold is nearby!
Casting: Summon Small Mammal (safe; 3% risk of failure)
Confirm with . or Enter, or press ? or * to list all spells.
The helpless kobold fails to defend itself.
You hit the kobold.
You kill the kobold!
No target in view!
Are you sure you want to abandon this character and quit the game? (Confirm with "yes".)

########....###
#... #....# #..
#. #....# #.#
#...
#....#####.##...#
#........)....#
##########.##.#
#.†..# # #b##.#
#@##.# #)#### #..
####


You could see a friendly bat (summoned).

Vanquished Creatures
  2 dart slugs (D:1)
  A bat (D:1)
  An endoplasm (D:1)
  A frilled lizard (D:1)
  2 kobolds (D:1)
  A rat (D:1)
8 creatures vanquished.

Vanquished Creatures (collateral kills)
  An endoplasm (D:1)
  A goblin (D:1)
  2 jackals (D:1)
4 creatures vanquished.

Grand Total: 12 creatures vanquished

Notes
Turn   | Place    | Note
-------+----------+-------------------------------------------
     0 | D:1      | barkas the Demonspawn Summoner began the quest for the Orb.
     0 | D:1      | Reached XP level 1. HP: 13/13 MP: 3/3
   302 | D:1      | Gained mutation: You have sharp toenails. [demonic
                  | ancestry]
   302 | D:1      | Reached XP level 2. HP: 11/20 MP: 1/5
   504 | D:1      | Quit the game

Illustrated notes

Levels and vault maps discovered:
D:1:      tarquinn_simple_flora_water_a, layout_basic,
          hellmonk_ecumenical_altar_blasted

Action                   || total
-------------------------++-------
Melee: Whip              ||    20
       Unarmed           ||    11
       Kick              ||     2
 Cast: Summon Small Mamm ||    11
 Stab: Distracted        ||     2
       Sleeping          ||     2
Armor: Robe              ||     4
Dodge: Dodged            ||    15

Table legend: (Time is in decaauts)
 A = Elapsed time spent in this place.
 B = Non-inter-level travel time spent in this place.
 C = Inter-level travel time spent in this place.
 D = Time resting spent in this place.
 E = Time spent auto-exploring this place.
 F = Levels seen in this place.
 G = Mean time per level.
                   A        B        C        D        E       F      G
               +--------+--------+--------+--------+--------+-----+--------+
         Total |    505 |    505 |      0 |     87 |    322 |   1 |  505.0 |
       Dungeon |    505 |    505 |      0 |     87 |    322 |   1 |  505.0 |
               +--------+--------+--------+--------+--------+-----+--------+

Top non-repeatable levels by time:
     D:1: 505 daAuts
